 Dungeon Crawl Stone Soup version 0.15.2 (webtiles) character file.

7277 tognito the Quickloader (level 10, -7/138 HPs)
             Began as a Minotaur Berserker on Mar 28, 2015.
             Was the Champion of Trog.
             Mangled by a manticore (10 damage)
             ... on Level 11 of the Dungeon on May 6, 2015.
             The game lasted 01:01:11 (7907 turns).

tognito the Quickloader (Minotaur Berserker)        Turns: 7907, Time: 01:01:12

HP  -7/138       AC 16     Str 30      XL: 10   Next: 89%
MP   4/4         EV  9     Int  4      God: Trog [******]
Gold 499         SH  0     Dex 10      Spells:  0 memorised,  9 levels left

rFire  . . .     SeeInvis .     a - +2 war axe
rCold  . . .     Clarity  .     B - +0 plate armour
rNeg   . . .     rCorr    .     (no shield)
rPois  .         rRot     .     (helmet restricted)
rElec  .         Spirit   .     (no cloak)
SustAb .         Warding  .     E - +0 pair of gloves
rMut   .         Stasis   .     x - +0 pair of boots
Gourm  .                        i - amulet of faith
MR     .....                    (no ring)
                                H - cursed +2 ring of evasion

@: berserking, drained, very quick, not resistant to hostile enchantments,
extremely unstealthy
A: retaliatory headbutt, horns 2, blurry vision 1, evolution 2
a: Burn Spellbooks, Berserk, Trog's Hand, Brothers in Arms, Renounce Religion


You were on level 11 of the Dungeon.
You worshipped Trog.
Trog was exalted by your worship.
You were not hungry.

You visited 1 branch of the dungeon, and saw 11 of its levels.

You collected 499 gold pieces.

Inventory:

Hand weapons
 a - a +2 war axe (weapon)
 b - the +6 arbalest "Iqeirini" {freeze, rN+}
   (Trog gifted it to you on level 6 of the Dungeon)

   It turns projectiles fired from it into bolts of frost.
   It protects you from negative energy.
 q - a +1 hunting sling
 r - a +0 shortbow
 J - a +2 antimagic battleaxe
 P - a +1 triple crossbow of freezing
Missiles
 e - 7 arrows of dispersal
 f - 106 arrows
 g - 88 sling bullets
 l - 47 bolts
 s - 4 silver tomahawks
 t - 2 steel tomahawks
 y - 8 tomahawks
 A - 2 javelins of penetration (quivered)
 F - 17 arrows of frost
 O - 4 poisoned javelins
Armour
 x - a +0 pair of boots (worn)
 B - a +0 plate armour (worn)
 E - a +0 pair of gloves (worn)
Magical devices
 d - a wand of frost (11)
 j - a wand of slowing (5)
 o - a wand of teleportation (2)
 u - a wand of frost (12)
 v - a wand of cold (7)
 M - a wand of teleportation (5)
Comestibles
 c - 8 bread rations
 z - 5 meat rations
 C - 2 fruits
 I - 10 slices of pizza
 K - 2 beef jerkies
Scrolls
 m - 9 scrolls of remove curse
 p - 10 scrolls of identify
 w - a scroll of fear
 G - 2 scrolls of teleportation
 L - a scroll of magic mapping
 N - 2 scrolls of blinking
Jewellery
 i - an amulet of faith (around neck)
 H - a cursed +2 ring of evasion (left hand)
Potions
 h - 6 potions of curing
 k - 2 potions of might
 n - 2 potions of agility
 D - 2 potions of brilliance


   Skills:
 * Level 9.6(9.5) Fighting
 + Level 8.7(8.5) Axes
 + Level 2.7(3.0) Slings
 * Level 11.4(11.3) Crossbows
 + Level 2.0(2.5) Throwing
 + Level 7.6(7.5) Armour
 + Level 5.0(4.8) Dodging
 + Level 1.0(0.9) Stealth
 + Level 0.2(0.0) Evocations


You had 9 spell levels left.
You didn't know any spells.

Dungeon Overview and Level Annotations

Branches:
Dungeon (11/15)            Temple (0/1) D:4            Lair (0/8) D:10
    Orc: D:9-12

Altars:
Cheibriados
Dithmenos
Fedhas
Kikubaaqudgha
Sif Muna
Zin

Shops:
D:5 [


Innate Abilities, Weirdness & Mutations

You reflexively headbutt those who attack you in melee.
You have a pair of horns on your head.
Your vision is a little blurry.
You rapidly evolve.


Message History

The centaur is almost dead.
The centaur hits you but does no damage.
Your plate armour prevents you from hitting the manticore.
You headbutt the manticore, but do no damage.
The manticore is heavily wounded.
You slash the centaur!
You kill the centaur!
Trog accepts your kill. The manticore bites you.
* * * LOW HITPOINT WARNING * * *
The manticore claws you but does no damage.
The manticore closely misses you.
You slash the centaur!
The centaur is severely wounded.
You completely miss the manticore. Your headbutt misses the manticore.
The manticore is heavily wounded.
The centaur unwields an uncursed shortbow.
The centaur hits you but does no damage.
The manticore bites you!
You die...

# #.########
#.#......# #......#.#
# ###.##.#.#
#...######(#....#
#.(zH@(((#..###
#.((c#####..#########
#....#' #..........#
#... .. ##.######.##
... .[. +..# ####.# .
.... #### #....#
..... #.#### .... #<#
. ###


You could see a manticore, a centaur and a wight.

Vanquished Creatures
  The ghost of trelanon the Covert, a powerful VSAs of Trog (D:10)
  A hill giant (D:10)
  2 steam dragons
  A wraith (D:10)
  A deep elf mage (D:9)
  A hill giant zombie (D:8)
  4 hippogriffs
  3 yaks (D:9)
  A spriggan (D:8)
  A water moccasin (D:7)
  2 ice beasts
  2 sky beasts (D:10)
  A black bear (D:7)
  6 ogres
  9 centaurs
  A crocodile (D:10)
  Sigmund (D:6)
  5 giant frogs
  3 big kobolds
  2 cyclops zombies
  2 scorpions
  A wyvern skeleton (D:10)
  4 jellies
  3 killer bees (D:11)
  8 wights
  A crimson imp (D:10)
  3 orc wizards
  3 goliath beetles (D:6)
  6 hounds
  2 giant frog skeletons
  10 worker ants
  3 iguanas
  A sky beast zombie (D:9)
  An ogre skeleton (D:4)
  A mummy (D:8)
  Terence (D:3)
  A hound skeleton (D:7)
  2 worker ant zombies
  10 adders
  A giant mite (D:4)
  5 shadow imps
  4 worms
  An iguana zombie (D:9)
  4 giant geckos
  An ooze (D:4)
  27 orcs
  2 ball pythons
  14 bats
  2 giant cockroaches
  17 goblins
  22 hobgoblins
  18 jackals
  28 kobolds
  6 quokkas
  A giant cockroach zombie (D:5)
  4 giant newts
  A giant spore (D:6)
  A goblin skeleton (D:5)
  A hobgoblin skeleton (D:4)
  2 orc zombies
  11 rats
284 creatures vanquished.

Notes
Turn   | Place    | Note
--------------------------------------------------------------
     0 | D:1      | tognito, the Minotaur Berserker, began the quest for the Orb.
     0 | D:1      | Reached XP level 1. HP: 19/19 MP: 1/1
    91 | D:1      | Reached skill level 4 in Fighting
   129 | D:1      | Reached XP level 2. HP: 14/27 MP: 1/1
   259 | D:1      | Acquired Trog's second power
   423 | D:1      | Reached XP level 3. HP: 29/33 MP: 2/2
   912 | D:2      | Reached XP level 4. HP: 34/41 MP: 2/2
  1053 | D:2      | Found a snail-covered altar of Cheibriados.
  1561 | D:3      | Acquired Trog's third power
  1566 | D:3      | Reached XP level 5. HP: 37/47 MP: 2/2
  1849 | D:3      | Received a gift from Trog
  2013 | D:3      | Found a blossoming altar of Fedhas.
  2073 | D:3      | Noticed Terence
  2082 | D:3      | Killed Terence
  2082 | D:3      | Reached skill level 5 in Axes
  2116 | D:3      | Reached skill level 5 in Fighting
  2444 | D:4      | Noticed an ogre
  2455 | D:4      | Killed an ogre
  2455 | D:4      | Reached skill level 1 in Throwing
  2455 | D:4      | Reached XP level 6. HP: 56/56 MP: 3/3
  2540 | D:4      | Reached skill level 1 in Slings
  2571 | D:4      | Gained mutation: You evolve. [potion of mutation]
  2571 | D:4      | Gained mutation: You are weak. (Str -2) [potion of mutation]
  2571 | D:4      | Gained mutation: Your vision is a little blurry. [potion of mutation]
  2829 | D:4      | Found a staircase to the Ecumenical Temple.
  2909 | D:4      | Noticed an ogre
  2915 | D:4      | Killed an ogre
  2990 | D:4      | Found a deep blue altar of Sif Muna.
  3023 | D:5      | Entered Level 5 of the Dungeon
  3030 | D:5      | Reached XP level 7. HP: 43/62 MP: 3/3
  3036 | D:5      | Reached skill level 6 in Fighting
  3261 | D:5      | Received a gift from Trog
  3589 | D:5      | Found Ceux's Armour Emporium.
  4028 | D:6      | Reached skill level 7 in Fighting
  4028 | D:6      | Reached skill level 1 in Crossbows
  4028 | D:6      | Reached skill level 5 in Armour
  4065 | D:6      | Received a gift from Trog
  4065 | D:6      | Reached XP level 8. HP: 73/73 MP: 3/3
  4127 | D:6      | Noticed Sigmund
  4131 | D:6      | Killed Sigmund
  4210 | D:6      | Found an ancient bone altar of Kikubaaqudgha.
  4217 | D:6      | Lost mutation: You are weak. (Str -2) [potion of beneficial mutation]
  4321 | D:6      | Received a gift from Trog
  4322 | D:6      | Got a steaming arbalest {god gift}
  4324 | D:6      | Identified the +6 arbalest "Iqeirini" {freeze, rN+} (Trog gifted it to you on level 6 of the Dungeon)
  4716 | D:6      | Reached skill level 1 in Stealth
  5000 | D:7      | Reached skill level 5 in Crossbows
  5057 | D:7      | Reached XP level 9. HP: 78/81 MP: 4/4
  5181 | D:7      | Reached skill level 8 in Fighting
  5284 | D:7      | Got an ancient leather armour
  5340 | D:8      | Found a glowing silver altar of Zin.
  6357 | D:9      | Reached skill level 9 in Crossbows
  6369 | D:9      | Received a gift from Trog
  6472 | D:9      | Reached XP level 10. HP: 46/90 MP: 4/4
  7105 | D:9      | Found a shadowy altar of Dithmenos.
  7168 | D:10     | Entered Level 10 of the Dungeon
  7168 | D:10     | Noticed trelanon's ghost (powerful VSAs)
  7177 | D:10     | Killed trelanon's ghost
  7177 | D:10     | Reached skill level 10 in Crossbows
  7291 | D:10     | Gained mutation: You rapidly evolve. [evolution]
  7497 | D:10     | Received a gift from Trog
  7526 | D:10     | Found a staircase to the Lair.
  7664 | D:10     | Noticed a hill giant
  7669 | D:10     | Killed a hill giant
  7669 | D:10     | Reached skill level 5 in Dodging
  7684 | D:10     | Reached skill level 11 in Crossbows
  7784 | D:10     | Received a gift from Trog
  7886 | D:11     | Noticed a manticore
  7902 | D:11     | HP: 4/92 [manticore (7)]
  7907 | D:11     | Mangled by a manticore

Action                   |  1- 3 |  4- 6 |  7- 9 | 10-12 || total
-------------------------+-------+-------+-------+-------++-------
Melee: Hand axe          |    80 |   153 |    58 |       ||   291
       War axe           |       |       |   116 |    63 ||   179
 Fire: Hunting sling     |       |    37 |     4 |       ||    41
       Hand crossbow     |       |       |    56 |       ||    56
       Shortbow          |       |       |     1 |       ||     1
       Arbalest          |       |       |   102 |    54 ||   156
       Triple crossbow   |       |       |       |     2 ||     2
Throw: Tomahawk          |       |    26 |       |       ||    26
       Javelin           |       |       |       |     2 ||     2
Invok: Burn Spellbooks   |       |       |     2 |     2 ||     4
       Berserk           |       |       |       |     1 ||     1
Evoke: Wand              |     1 |     2 |       |       ||     3
  Use: Scroll            |     3 |    10 |     4 |     3 ||    20
       Potion            |     3 |     7 |     4 |       ||    14
  Eat: Chunk             |       |     7 |     9 |     5 ||    21
       Royal jelly       |       |       |     1 |       ||     1
